 Dungeon Crawl Stone Soup version 0.31.0-12-g77e489cdc1 (webtiles) character file.

Game seed: 86024672335134923

4495 7151Change the Grappler (level 10, -2/74 HPs)
             Began as a Ghoul Monk on Feb 27, 2024.
             Was an Elder of Hepliaklqana.
             Slain by an 11-headed hydra (12 damage)
             ... on level 8 of the Dungeon.
             The game lasted 00:27:51 (7278 turns).

7151Change the Grappler (Ghoul Monk)                Turns: 7278, Time: 00:27:53

Health: -2/74      AC: 19    Str: 18    XL:     10   Next: 38%
Magic:  0/11       EV:  7    Int: 15    God:    Hepliaklqana [****..]
Gold:   445        SH:  0    Dex: 13    Spells: 9/9 levels left

rFire   . .          .
                       - Unarmed
rCold   + . .        g - orb {mayhem}
rNeg    + + +        H - +3 plate armour
rPois   ∞            (no helmet)
rElec   .            G - scarf {repulsion}
rCorr   .            (no gloves)
SInv    .            (no boots)
Will    .....        C - amulet of guardian spirit Stlth
                     m - +4 ring of protection
HPRegen 0.00/turn    D - +6 ring of intelligence
MPRegen 0.12/turn

%: mayhem, repel missiles, guardian spirit
@: inhibited regen
A: reduced essence, claws 1, cold resistance 1, negative energy resistance 3,
inhibited regeneration, torment resistance 2, devour on kill
a: Renounce Religion, Recall Ancestor, Ancestor Identity, Transference, Idealise


You were on level 8 of the Dungeon.
You worshipped Hepliaklqana.
Hepliaklqana was greatly pleased with you.
You visited 2 branches of the dungeon, and saw 9 of its levels.
You also visited: Sewer.

You collected 445 gold pieces.

Inventory:

Hand Weapons
 h - a +3 falchion
 u - a +0 short sword of speed
 S - a +5 dire flail of freezing
Armour
 a - a +0 robe
 c - an orb of light
 g - an orb of mayhem (worn)
 B - a +1 chain mail of poison resistance
 G - a scarf of repulsion (worn)
 H - a +3 plate armour (worn)
 I - a scarf of harm
Magical Staves
 N - a staff of alchemy
Jewellery
 e - a ring of protection from cold
 f - a ring of fire
 m - a +4 ring of protection (left claw)
 o - a ring of protection from cold
 A - a ring of fire
 C - an amulet of guardian spirit (around neck)
 D - a +6 ring of intelligence (right claw)
 M - a ring of ice
Wands
 x - a wand of roots (2)
 z - a wand of mindburst (5)
 O - a wand of flame (28)
 R - a wand of acid (10)
Scrolls
 d - a scroll of teleportation
 j - a scroll of torment {unknown}
 k - 9 scrolls of identify {unknown}
 r - a scroll of revelation {unknown}
 t - 3 scrolls of blinking {unknown}
 y - a scroll of enchant armour {unknown}
 E - 2 scrolls of silence {unknown}
 F - a scroll of poison {unknown}
 J - 3 scrolls of vulnerability {unknown}
 K - a scroll of fog {unknown}
 Q - 3 scrolls of immolation {unknown}
Potions
 b - 2 potions of ambrosia
 i - 2 potions of haste {unknown}
 l - 2 potions of curing {unknown}
 n - 3 potions of mutation {unknown}
 p - 4 potions of berserk rage {unknown}
 q - 2 potions of enlightenment {unknown}
 s - 4 potions of heal wounds {unknown}
 v - a potion of might {unknown}
 w - 2 potions of attraction {unknown}
 L - a potion of brilliance {unknown}
 P - a potion of invisibility {unknown}


   Skills:
 + Level 5.7 Fighting
 + Level 0.5 Long Blades
 + Level 6.2 Armour
 + Level 5.1 Dodging
 + Level 3.4 Stealth
 + Level 12.2 Unarmed Combat
 + Level 1.4 Invocations


You had 9 spell levels left.
You didn't know any spells.
Your spell library contained the following spells:

 Spells                   Type           Power      Damage    Failure   Level
 Apportation              Tloc           0%         N/A       100%        1
 Necrotise                Necr           0%         1d4       100%        1
 Sting                    Conj/Alch      0%         1d3       100%        1
 Summon Small Mammal      Summ           0%         N/A       100%        1
 Lesser Beckoning         Tloc           0%         N/A       100%        2
 Gell's Gravitas          Tloc           0%         N/A       100%        3
 Teleport Other           Tloc           0%         N/A       100%        3


Dungeon Overview and Level Annotations

Branches:
Dungeon (8/15)             Temple (1/1) D:4           Sewer (visited)
   Lair: D:8-11

Altars:
Ashenzari
Cheibriados
Dithmenos
Hepliaklqana
Kikubaaqudgha
Makhleb
Nemelex Xobeh
Okawaru
Ru
Sif Muna
Trog
Uskayaw
Wu Jian

Shops:
D:3 *

Annotations:
D:8 erfael's ghost, novice MiBe
Temple 4 transporters


Innate Abilities, Weirdness & Mutations

Your life essence is reduced to manifest your ancestor. (-10% HP)
You are immune to poison.
You have sharp fingernails.
Your flesh is cold resistant. (rC+)
You are immune to negative energy. (rN+++)
You do not regenerate when monsters are visible.
You are immune to unholy pain and torment.
You thrive by killing the living.


Message History

Erfael's ghost hits you but does no damage.
The 11-headed hydra bites you.
The 11-headed hydra bites you but does no damage.
The 11-headed hydra bites you.
The 11-headed hydra bites you but does no damage.
The 11-headed hydra barely misses you.
The 11-headed hydra bites you but does no damage. x2
The 11-headed hydra barely misses you.
The 11-headed hydra bites you but does no damage.
The 11-headed hydra closely misses you. x2
Gemo casts a spell at erfael's ghost.
The stone arrow hits erfael's ghost.
You claw erfael's ghost!
Erfael's ghost is lightly damaged.
Erfael's ghost hits you! The 11-headed hydra barely misses you.
The 11-headed hydra bites you.
The 11-headed hydra bites you but does no damage. x2
The 11-headed hydra bites you!
The 11-headed hydra bites you but does no damage. x2
The 11-headed hydra completely misses you.
The 11-headed hydra barely misses you. x3
You scratch erfael's ghost but do no damage.
Erfael's ghost is lightly damaged.
Gemo hits erfael's ghost with a +0 quarterstaff!
Erfael's ghost ripples.
Erfael's ghost hits you but does no damage.
You can't wield that with only one hand.
You scratch erfael's ghost but do no damage.
Erfael's ghost is moderately damaged.
The 11-headed hydra barely misses you. The 11-headed hydra bites you.
The 11-headed hydra barely misses you.
The 11-headed hydra bites you but does no damage.
The 11-headed hydra bites you!
The 11-headed hydra bites you but does no damage. x2
The 11-headed hydra bites you!
* * * LOW HITPOINT WARNING * * *
The 11-headed hydra bites you!
* * * LOW HITPOINT WARNING * * *
The 11-headed hydra bites you!
You die...

#. ..>..............#
#.#.####.#.##.....#.### ..#
#.#..#.......... ...
...........#.### #.#
####..##...##.# #.#
##############.#
##########.###.##P~P##......#
#.............R#....P###....#
#.###########.@W.....P#.###.###
#.# #..D..)..♣#.# #.... #.#
##.'...$.♣#.###.### #.#
#.#..$.♣###....### #.# #.##♣P♣#
####.#.. #.# ##.# ## #.#.# #.#
#.##### #.#.# #.# #.....# #.#.#
#.#################.# #.#.#


You could see the friendly Gemo the battlemage, a 11-headed hydra and erfael's
ghost (ally target).

Vanquished Creatures
  A shadow (D:7)
  A water moccasin (D:6)
  An ice beast (D:6)
  4 ogres
  A centaur (D:5)
  A kobold brigand (Sewer)
  4 bullfrogs
  A scorpion (D:6)
  2 wights (D:7)
  4 howler monkeys
  A bombardier beetle (D:3)
  A hound (D:6)
  2 jellies
  2 orc priests
  Ijyb (D:3)
  Natasha (twice) (D:3)
  3 iguanas
  An orc wizard (D:3)
  5 adders
  3 river rats (Sewer)
  A white imp (D:7)
  2 ufetubi (D:6)
  2 dart slugs
  3 ribbon worms
  10 orcs
  9 endoplasms
  A giant cockroach (D:3)
  A goblin (D:2)
  3 hobgoblins
  11 jackals
  3 quokkas
  8 ball pythons
  2 bats (D:2)
  2 frilled lizards
  4 kobolds
  10 rats
113 creatures vanquished.

Vanquished Creatures (collateral kills)
  The ghost of kftrendy the Grappler, a novice TrFi of Wu Jian (D:7)
  The ghost of spaghetti the Skirmisher, a novice HuHu of Gozag (D:7)
  Sigmund (D:3)
  An ice beast (D:8)
  An ogre (D:5)
  A centaur (D:8)
  A phantom (D:7)
  A bullfrog (D:7)
  A scorpion (D:5)
  7 wights
  3 howler monkeys (D:7)
  An orc priest (D:4)
  A sleepcap (D:4)
  2 iguanas
  3 orc wizards
  A battlemage (D:7)
  8 adders
  2 white imps
  4 ufetubi (D:6)
  A dart slug (D:3)
  13 orcs
  2 endoplasms (D:4)
  2 giant cockroaches (D:4)
  A goblin (D:4)
  A hobgoblin (D:4)
  7 jackals (D:4)
  A quokka (D:4)
  A ball python (D:4)
  2 frilled lizards (D:3)
  2 kobolds
74 creatures vanquished.

Grand Total: 187 creatures vanquished

Notes
Turn   | Place    | Note
-------+----------+-------------------------------------------
     0 | D:1      | 7151Change the Ghoul Monk began the quest for the Orb.
     0 | D:1      | Reached XP level 1. HP: 19/19 MP: 1/1
   179 | D:1      | Reached XP level 2. HP: 26/26 MP: 2/2
   817 | D:2      | Reached XP level 3. HP: 28/33 MP: 3/3
  1330 | D:2      | Reached skill level 4 in Unarmed Combat
  1416 | D:3      | Reached XP level 4. HP: 36/40 MP: 4/4
  1458 | D:3      | Found a glowing drain.
  1482 | Sewer    | Entered a sewer
  1651 | Sewer    | Reached skill level 1 in Stealth
  1651 | Sewer    | Reached XP level 5. HP: 19/46 MP: 5/5
  1841 | Sewer    | Noticed a kobold brigand
  1850 | Sewer    | Killed a kobold brigand
  1851 | Sewer    | Reached skill level 5 in Unarmed Combat
  2098 | D:3      | Found a broken altar of Ashenzari.
  2200 | D:3      | Reached XP level 6. HP: 52/52 MP: 6/6
  2215 | D:3      | Noticed Ijyb
  2223 | D:3      | Killed Ijyb
  2407 | D:3      | Found a faded altar of an unknown god.
  2411 | D:3      | Noticed Natasha
  2420 | D:3      | Killed Natasha
  2426 | D:3      | Prayed at the altar of an unknown god.
  2426 | D:3      | Became a worshipper of Hepliaklqana the Forgotten
  2426 | D:3      | Reached * piety under Hepliaklqana
  2426 | D:3      | Reached ** piety under Hepliaklqana
  2427 | D:3      | Remembered your ancestor Gemo as a battlemage
  2580 | D:3      | Found Metiegyxy's General Store.
  2740 | D:3      | Reached *** piety under Hepliaklqana
  2882 | D:3      | Noticed Natasha
  2890 | D:3      | Killed Natasha
  2891 | D:3      | Reached skill level 6 in Unarmed Combat
  2946 | D:3      | Noticed Sigmund
  2953 | D:3      | Killed Sigmund
  2954 | D:3      | Reached XP level 7. HP: 38/53 MP: 7/7
  3131 | D:4      | Reached skill level 7 in Unarmed Combat
  3385 | D:4      | Found a staircase to the Ecumenical Temple.
  3394 | Temple   | Found a transporter.
  3394 | Temple   | Found a transporter.
  3394 | Temple   | Found a transporter.
  3394 | Temple   | Found a transporter.
  3394 | Temple   | Entered the Ecumenical Temple
  3517 | D:4      | Reached skill level 1 in Armour
  3581 | D:4      | Reached XP level 8. HP: 59/59 MP: 8/8
  3944 | D:5      | Entered Level 5 of the Dungeon
  4176 | D:5      | Reached skill level 8 in Unarmed Combat
  4195 | D:5      | Reached **** piety under Hepliaklqana
  4845 | D:6      | Reached skill level 9 in Unarmed Combat
  4912 | D:6      | Reached XP level 9. HP: 65/65 MP: 9/9
  5729 | D:7      | Reached skill level 5 in Dodging
  5729 | D:7      | Reached skill level 10 in Unarmed Combat
  6029 | D:7      | Found a faded altar of an unknown god.
  6036 | D:7      | Found a hazy altar of Hepliaklqana.
  6038 | D:7      | Found an ancient bone altar of Kikubaaqudgha.
  6039 | D:7      | Found a faded altar of an unknown god.
  6158 | D:7      | Reached skill level 11 in Unarmed Combat
  6335 | D:7      | Reached skill level 5 in Armour
  6377 | D:7      | Found a runed translucent gate.
  6377 | D:7      | Found a runed translucent gate.
  6377 | D:7      | Found a runed translucent gate.
  6381 | D:7      | Noticed spaghetti's ghost (novice HuHu)
  6382 | D:7      | Noticed kftrendy's ghost (novice TrFi)
  6717 | D:7      | Killed spaghetti's ghost
  6718 | D:7      | Reached skill level 5 in Fighting
  6718 | D:7      | Reached skill level 1 in Invocations
  6718 | D:7      | Reached XP level 10. HP: 70/72 MP: 10/10
  6725 | D:7      | Killed kftrendy's ghost
  6726 | D:7      | Reached skill level 12 in Unarmed Combat
  7265 | D:8      | Found a runed translucent gate.
  7267 | D:8      | Found a runed translucent gate.
  7268 | D:8      | Found a runed translucent gate.
  7268 | D:8      | Noticed erfael's ghost (novice MiBe)
  7268 | D:8      | Noticed an 11-headed hydra
  7278 | D:8      | Slain by an 11-headed hydra

Illustrated notes

Levels and vault maps discovered:
D:1:      dpeg_arrival_rhombi, layout_rooms, serial_bayou_lagoon_b
D:2:      kb_forest_paths, layout_basic
D:3:      layout_basic, nicolae_ashenzari_panopticon, serial_shops, shop,
          hellmonk_ecumenical_altar_arch_garden,
          mainiacjoe_sewer_entry_somewhere_in_here_1, serial_forest,
          infiniplex_forest_end_3, infiniplex_forest_end_1,
          infiniplex_forest_clump_medium, infiniplex_forest_clump_tiny,
          infiniplex_forest_lined_room_, infiniplex_forest_clump_long,
          minivault_14, grunt_decor_arrowhead, minmay_cut_off, uniq_ijyb,
          uniq_sigmund, uniq_natasha
D:4:      layout_rooms, lemuel_temple_firewalk_b
D:5:      layout_loops_ring, minmay_misc_feat_cross, hangedman_decor_growths,
          serial_bayou_pond_e, guppyfry_early_lair_pool
D:6:      layout_gridville, minmay_misc_feat_encased
D:7:      layout_loops_ring, chequers_temple_overflow_minitemple,
          gammafunk_ghost_cemetery
D:8:      argonaut_augean_stables, layout_loops_ring,
          mainiacjoe_overflow_24_doors, lemuel_tele_altar,
          kennysheep_little_box, gammafunk_ghost_hydra_chop, uniq_psyche,
          uniq_maggie
Temple:   hellmonk_temple_divided_pantheon

Skill      XL: |  1  2  3  4  5  6  7  8  9 10 |
---------------+-------------------------------+-----
Dodging        | 3 4 5 |  5.1
Unarmed Combat | 4 5 6 7 9 11 12 | 12.2
Stealth        | 1 2 3 |  3.4
Fighting       | 4 5 |  5.7
Armour         | 1 3 5 6 |  6.2
Invocations    | 1 |  1.4
Long Blades    | |  0.5

Action                     |  1- 3 |  4- 6 |  7- 9 | 10-12 || total
---------------------------+-------+-------+-------+-------++-------
  Melee: Unarmed           |   101 |   171 |   185 |     7 ||   464
         Falchion          |       |       |     1 |    30 ||    31
 Invoke: Ancestor Life: Ba |       |     1 |       |       ||     1
         Ancestor Identity |       |     1 |       |       ||     1
         Recall Ancestor   |       |       |     1 |       ||     1
         Idealise          |       |       |     1 |       ||     1
    Use: Scroll            |       |       |     2 |       ||     2
   Stab: Sleeping          |     1 |     2 |       |       ||     3
 Armour: Robe              |    66 |    72 |       |       ||   138
         Chain mail        |       |     3 |    82 |       ||    85
         Plate armour      |       |       |   137 |    65 ||   202
  Dodge: Dodged            |    69 |    81 |    98 |    17 ||   265
         Repelled          |       |       |     1 |     2 ||     3
